 Dungeon Crawl Stone Soup version 0.31.0-32-g396128a36d (webtiles) character file.

Game seed: 13818714965428465221

245 LukeNinja the Chopper (level 6, -2/55 HPs)
             Began as a Hill Orc Monk on Apr 13, 2024.
             Was an Elder of Nemelex Xobeh.
             Slain by a water moccasin (6 damage)
             ... on level 4 of the Dungeon.
             The game lasted 00:33:30 (2129 turns).

LukeNinja the Chopper (Hill Orc Monk)               Turns: 2129, Time: 00:33:30

Health: -2/55      AC:  6    Str: 16    XL:     6   Next: 10%
Magic:  6/6        EV: 12    Int: 10    God:    Nemelex Xobeh [****..]
Gold:   255        SH:  0    Dex: 13    Spells: 3/5 levels left

rFire   . . .        a - +0 hand axe
rCold   . . .        d - orb {light}
rNeg    . . .        j - +0 leather armour
rPois   .            (no helmet)
rElec   .            (no cloak)
rCorr   .            i - +2 pair of gloves
SInv    .            (no boots)
Will    .....        t - amulet of regeneration
Stlth   +            (no ring)
HPRegen 1.09/turn    (no ring)
MPRegen 0.10/turn

%: no passive effects
@: lethally poisoned (-2 -> -4), glowing
A: no striking features
a: Renounce Religion, Draw Escape, Draw Destruction, Draw Summoning, Triple
Draw, Deal Four


You were on level 4 of the Dungeon.
You worshipped Nemelex Xobeh.
Nemelex Xobeh was greatly pleased with you.
You visited 1 branch of the dungeon, and saw 5 of its levels.
You also visited: Ossuary.

You collected 255 gold pieces.

Inventory:

Hand Weapons
 a - a +0 hand axe (weapon)
Missiles
 g - 20 stones (quivered)
 k - 3 poisoned darts
 m - 2 atropa-tipped darts
 q - 5 boomerangs
Armour
 d - an orb of light (worn)
 i - a +2 pair of gloves (worn)
 j - a +0 leather armour (worn)
Jewellery
 t - an amulet of regeneration (around neck)
Talismans
 v - a beast talisman
Scrolls
 b - a scroll of teleportation {unknown}
 f - a scroll of noise
Potions
 c - a potion of ambrosia
 e - a potion of enlightenment
 h - a potion of lignification {unknown}
 l - 2 potions of brilliance {unknown}
 o - a potion of might {unknown}
 u - a potion of mutation {unknown}


   Skills:
 + Level 4.9 Fighting
 + Level 6.1 Axes
 + Level 2.1 Armour
 + Level 3.3 Dodging
 + Level 0.3 Stealth


You had 3 spell levels left.
You knew the following spells:

 Your Spells              Type           Power      Damage    Failure   Level
a - Sting                 Conj/Alch      0%         1d3       43%         1
b - Summon Small Mammal   Summ           0%         N/A       43%         1

Your spell library contained the following spells:

 Spells                   Type           Power      Damage    Failure   Level
 Cigotuvi's Dreadful Rot  Necr/Alch/Air  0%         N/A       56%         2
 Mercury Vapours          Alch/Air       0%         N/A       56%         2
 Call Canine Familiar     Summ           0%         N/A       80%         3
 Ignite Poison            Fire/Alch      0%         N/A       99%         4
 Olgreb's Toxic Radiance  Alch           0%         N/A       99%         4
 Summon Blazeheart Golem  Fire/Summ      0%         N/A       99%         4
 Freezing Cloud           Conj/Ice/Air   0%         6-21      100%        5


Dungeon Overview and Level Annotations

Branches:
Dungeon (5/15)            Ossuary (visited)
 Temple: D:4-7

Altars:
Nemelex Xobeh

Shops:
D:1 :

Annotations:
D:4 Natasha


Message History

You hit the water moccasin.
The water moccasin is moderately wounded.
You barely miss the adder. The adder bites you. The water moccasin bites you.
You are poisoned.
The water moccasin poisons you!
You hit the water moccasin.
The water moccasin is heavily wounded.
You hit the adder but do no damage.
You feel very sick. The water moccasin closely misses you. The adder bites you.
You are more poisoned.
The adder poisons you! The water moccasin bites you.
You are more poisoned.
The water moccasin poisons you!
You are too injured to fight recklessly!
You are too injured to fight recklessly!
You are too injured to fight recklessly!
You feel very sick. The adder attacks as it pursues you!
The adder closely misses you.
You hit the water moccasin.
The water moccasin is heavily wounded.
You feel very sick. The water moccasin bites you!
You hit the water moccasin.
The water moccasin is severely wounded.
You hit the adder.
You feel very sick. The adder misses you. The water moccasin bites you.
* * * LOW HITPOINT WARNING * * *
You feel very sick. The adder bites you.
* * * LOW HITPOINT WARNING * * *
You feel sick.
Natasha hisses angrily.
The water moccasin attacks as it pursues you!
The water moccasin bites you.
* * * LOW HITPOINT WARNING * * *
The water moccasin bites you.
You die...
Your body glows with a rainbow of weird colours and disappears.

.........# ###......#########
.................#
.................##
...........[......# # ###
..................# .## #.##
............>.....####... #..
.........#.....S.....#.### #.##
......####.....S@#.#.....#####.#.
.........#.#..........#..........
.....###.#.#........##########.##
.........#.######.#.### #)#.
.........#......#.....## #.#.
.........#.............# #.#.
.........#.......#.#..h#######)##
....<....#.......................
.........#......######..........#


You could see a water moccasin, Natasha and an adder.

Vanquished Creatures
  2 scorpions (D:4)
  Natasha (D:4)
  A mummy (Ossuary)
  2 adders
  2 dart slugs
  2 ribbon worms
  3 orcs (D:4)
  9 ball pythons
  5 endoplasms
  6 giant cockroaches
  3 goblins
  3 hobgoblins
  3 quokkas
  4 bats
  2 frilled lizards
  A gnoll skeleton (Ossuary)
  8 kobolds
  2 orc skeletons (Ossuary)
  11 rats
70 creatures vanquished.

Notes
Turn   | Place    | Note
-------+----------+-------------------------------------------
     0 | D:1      | LukeNinja the Hill Orc Monk began the quest for the Orb.
     0 | D:1      | Reached XP level 1. HP: 19/19 MP: 1/1
   105 | D:1      | Reached XP level 2. HP: 27/27 MP: 2/2
   152 | D:1      | Found a faded altar of an unknown god.
   158 | D:1      | Prayed at the altar of an unknown god.
   158 | D:1      | Became a worshipper of Nemelex Xobeh the Trickster
   158 | D:1      | Reached * piety under Nemelex Xobeh
   158 | D:1      | Received a gift from Nemelex Xobeh
   158 | D:1      | Reached ** piety under Nemelex Xobeh
   158 | D:1      | Received a gift from Nemelex Xobeh
   158 | D:1      | Received a gift from Nemelex Xobeh
   227 | D:1      | You fall into a shaft and drop 1 floor!
   353 | D:2      | Reached *** piety under Nemelex Xobeh
   405 | D:2      | Reached XP level 3. HP: 25/33 MP: 3/3
   720 | D:2      | Received a gift from Nemelex Xobeh
  1098 | D:1      | Found Cuung's Book Emporium.
  1300 | D:3      | Reached skill level 5 in Axes
  1317 | D:3      | Received a gift from Nemelex Xobeh
  1363 | D:3      | test
  1363 | D:3      | penis
  1390 | D:3      | Reached XP level 4. HP: 41/41 MP: 4/4
  1528 | D:3      | Learned a level 1 spell: Sting
  1530 | D:3      | Learned a level 1 spell: Summon Small Mammal
  1715 | D:4      | Noticed a scorpion
  1732 | D:4      | Killed a scorpion
  1733 | D:4      | Reached skill level 1 in Armour
  1733 | D:4      | Reached XP level 5. HP: 47/47 MP: 5/5
  1743 | D:4      | Reached skill level 6 in Axes
  1805 | D:4      | Found a sand-covered staircase.
  1805 | D:4      | Reached **** piety under Nemelex Xobeh
  1814 | Ossuary  | Entered an ossuary
  2025 | D:4      | Noticed Natasha
  2033 | D:4      | Killed Natasha
  2034 | D:4      | Reached XP level 6. HP: 54/55 MP: 6/6
  2112 | D:4      | Noticed Natasha
  2113 | D:5      | Entered Level 5 of the Dungeon
  2113 | D:5      | Noticed a water moccasin
  2129 | D:4      | Slain by a water moccasin

Illustrated notes

.. #.# ..#
..######### ####
#.#.......#
.....#.#.......#
........>......#
.#.@.......#
##........#
#..##.####
#..##.# ##.##.#
##.##'#####
#.........#
#.........#
#.........#


Turn 1363 on D:3: test

Levels and vault maps discovered:
D:1:      tarquinn_simple_flora_water_c, layout_rooms,
          ebering_ecumenical_altar_hall, serial_shops,
          nicolae_shop_advertising_works [nicolae_subvault_shop_adworks],
          serial_bayou, serial_bayou_pond_c, serial_bayou_lake_a,
          serial_bayou_shore_b, serial_bayou_shore_b, minmay_misc_feat_hallway,
          st_stairs_2
D:2:      layout_loops_cross
D:3:      minmay_wonky_spiral, layout_basic,
          mainiacjoe_sewer_entry_somewhere_in_here_2
D:4:      layout_basic, enter_ossuary_1, minmay_misc_feat_five, uniq_natasha
D:5:      layout_basic, gammafunk_ghost_cemetery, uniq_edmund, uniq_grinder

Skill      XL: |  1  2  3  4  5 |
---------------+----------------+-----
Fighting       | 4 |  4.9
Axes           | 5 6 |  6.1
Dodging        | 3 |  3.3
Armour         | 1 2 |  2.1
Stealth        | |  0.3

Action                     |  1- 3 |  4- 6 || total
---------------------------+-------+-------++-------
  Melee: Hand axe          |   125 |   108 ||   233
    Use: Scroll            |     1 |     1 ||     2
         Potion            |     2 |       ||     2
 Armour: Robe              |     7 |       ||     7
         Leather armour    |    47 |    63 ||   110
  Dodge: Dodged            |    98 |    50 ||   148
